 Dungeon Crawl Stone Soup version 0.26-a0-737-g4e9f4955e2 (webtiles) character file.

Game seed: 5274167630306326671

31 Forecaster the Stinger (level 3, 0/28 HPs)
             Began as a Naga Venom Mage on Nov 4, 2020.
             Slain by a gnoll (8 damage)
             ... on level 2 of the Dungeon.
             The game lasted 00:02:20 (657 turns).

Forecaster the Stinger (Naga Venom Mage)             Turns: 657, Time: 00:02:22

Health: 0/28       AC:  2    Str: 10    XL:     3   Next: 22%
Magic:  0/6        EV: 10    Int: 16    God:
Gold:   74         SH:  0    Dex: 11    Spells: 3/6 levels left

rFire    . . .     SeeInvis +   h - +1 short sword (venom)
rCold    . . .     Faith    .   (no shield)
rNeg     . . .     Spirit   .   a - +0 robe
rPois    +         Reflect  .   (no helmet)
rElec    .         Harm     .   (no cloak)
rCorr    .         Rampage  .   (no gloves)
MR       .....                  (no barding)
Stlth    ++........             (no amulet)
HPRegen  0.09/turn              (no ring)
MPRegen  0.10/turn              (no ring)

@: short of breath, very slow
A: large, see invisible, deformed body, poison resistance, slowness 2, spit
poison 1, AC +1
a: Spit Poison


You were on level 2 of the Dungeon.
You visited 1 branch of the dungeon, and saw 2 of its levels.

You collected 74 gold pieces.

Inventory:

Hand Weapons
 f - a +0 short sword
 h - a +1 short sword of venom (weapon)
 j - a +0 vampiric spear
Armour
 a - a +0 robe (worn)
Scrolls
 b - a scroll of identify {unknown}
 d - 5 scrolls of remove curse {unknown}
 e - 3 scrolls of magic mapping {unknown}
 g - a scroll of blinking {unknown}
 i - a scroll of enchant armour {unknown}
Potions
 c - 2 potions of curing {unknown}


   Skills:
 + Level 1.7 Dodging
 + Level 3.6 Stealth
 + Level 2.4 Spellcasting
 + Level 1.2 Transmutations
 + Level 4.6 Poison Magic


You had 3 spell levels left.
You knew the following spells:

 Your Spells              Type           Power        Failure   Level
a - Sting                 Tmut/Pois      ##..         6%          1
b - Poisonous Vapours     Pois/Air       #.....       12%         2

Your spell library contained the following spells:

 Spells                   Type           Power        Failure   Level
 Ignite Poison            Fire/Tmut/Pois #.......     26%         3
 Mephitic Cloud           Conj/Pois/Air  #.......     30%         3
 Olgreb's Toxic Radiance  Pois           ###.....     28%         4


Dungeon Overview and Level Annotations

Branches:
Dungeon (2/15)

Altars:


Innate Abilities, Weirdness & Mutations

You cannot wear boots.
Your serpentine skin is tough. (AC +1)
You have supernaturally acute eyesight. (SInv)
Armour fits poorly on your strangely shaped body.
Your system is resistant to poisons. (rPois)
You cover ground very slowly.
You can spit poison.


Message History

The gnoll is poisoned.
Casting: Poisonous Vapours (safe; 12% risk of failure)
Confirm with . or Enter, or press ? or * to list all spells.
Aiming: Poisonous Vapours (safe; 12% risk of failure)
Press: ? - help, Dir - move target cursor, f/p - gnoll
Aim: a gnoll, wearing a +0 leather armour (heavily wounded, poisoned) Poisonous vapours surround the gnoll!
The gnoll looks even sicker.
Press: ? - help, Shift-Dir - straight line, f/p - gnoll
Aim: a gnoll, wearing a +0 leather armour (severely wounded, very poisoned)
The splash of poison hits the gnoll but does no damage.
The gnoll is severely wounded.
Casting: Poisonous Vapours (safe; 12% risk of failure)
Confirm with . or Enter, or press ? or * to list all spells.
Aiming: Sting (safe; 6% risk of failure)
Press: ? - help, Shift-Dir - straight line, f/p - gnoll
Aim: a gnoll, wearing a +0 leather armour (almost dead, very poisoned)
The sting misses the gnoll.
A gnoll comes into view. It is wielding a -1 club.
The gnoll hits you!
You die...

#.......#######
#.......#.....##
####<.............##
...................#
...................##
......#.##..........#
........##.........##
.......###.........##...
.......# ##.....@†......
.......# #.....g.†.##...
...(...#
#...............
..(..###
#............... ###.<#
#..............S #..#
#.............. #..#
............... #..#
###.g.......... #...


You could see 2 gnolls.

Vanquished Creatures
  2 adders (D:2)
  A dart slug (D:1)
  A leopard gecko (D:1)
  A bat (D:1)
  2 goblins (D:1)
  A ball python (D:1)
  A frilled lizard (D:1)
  3 kobolds (D:1)
12 creatures vanquished.

Notes
Turn   | Place    | Note
-------+----------+-------------------------------------------
     0 | D:1      | Forecaster the Naga Venom Mage began the quest for the Orb.
     0 | D:1      | Reached XP level 1. HP: 15/15 MP: 3/3
   315 | D:1      | Reached XP level 2. HP: 22/22 MP: 1/5
   319 | D:1      | Learned a level 2 spell: Poisonous Vapours
   622 | D:2      | Reached XP level 3. HP: 5/28 MP: 1/6
   657 | D:2      | Slain by a gnoll

Illustrated notes

Levels and vault maps discovered:
D:1:      ncdulo_lavacross, layout_basic, minivault_25
D:2:      layout_rooms, nicolae_ru_path_of_blood

Action                   || total
-------------------------++-------
Melee: Short sword       ||     8
 Cast: Sting             ||    12
       Poisonous Vapours ||     8
 Abil: Spit Poison       ||     1
Armor: Robe              ||     1
Dodge: Dodged            ||     7

Table legend: (Time is in decaauts)
 A = Elapsed time spent in this place.
 B = Non-inter-level travel time spent in this place.
 C = Inter-level travel time spent in this place.
 D = Time resting spent in this place.
 E = Time spent auto-exploring this place.
 F = Levels seen in this place.
 G = Mean time per level.
                   A        B        C        D        E       F      G
               +--------+--------+--------+--------+--------+-----+--------+
         Total |    792 |    773 |     19 |     45 |    612 |   2 |  396.0 |
       Dungeon |    792 |    773 |     19 |     45 |    612 |   2 |  396.0 |
               +--------+--------+--------+--------+--------+-----+--------+

Top non-repeatable levels by time:
     D:1: 713 daAuts
     D:2: 79 daAuts
